 Dungeon Crawl Stone Soup version 0.20-a0-336-g7b05759 (webtiles) character file.

294 Faca the Shield-Bearer (level 6, -3/48 HPs)
             Began as a Formicid Fighter on Dec 22, 2016.
             Slain by a centaur (7 damage)
             ... on level 4 of the Dungeon.
             The game lasted 00:08:34 (2521 turns).

Faca the Shield-Bearer (Formicid Fighter)           Turns: 2521, Time: 00:08:34

Health: -3/48      AC: 12    Str: 21    XL:     6   Next: 60%
Magic:  6/6        EV:  6    Int:  7    God:
Gold:   108        SH: 10    Dex: 12    Spells: 5/5 levels left

rFire  + . .     SeeInvis +     a - +1 war axe
rCold  . . .     Gourm    .     l - +0 chain mail
rNeg   . . .     Faith    .     c - +0 shield
rPois  .         Spirit   .     (helmet unavailable)
rElec  .         Reflect  .     m - +1 cloak
rCorr  .         Harm     .     (no gloves)
MR     .....                    h - +0 pair of boots
Stlth  ..........               (no amulet)
                                (no ring)
                                q - ring of protection from fire

@: no status effects
A: permanent stasis, dig shafts and tunnels, four strong arms, antennae 3
a: Dig, Shaft Self


You were on level 4 of the Dungeon.
You were not hungry.

You visited 1 branch of the dungeon, and saw 4 of its levels.

You collected 108 gold pieces.

Inventory:

Hand Weapons
 a - a +1 war axe (weapon)
Armour
 c - a +0 shield (worn)
 h - a +0 pair of boots (worn)
 l - a +0 chain mail (worn)
 m - a +1 cloak (worn)
Jewellery
 q - a ring of protection from fire (left hand)
Scrolls
 k - 4 scrolls of remove curse
Potions
 b - a potion of lignification {unknown}
 e - 3 potions of ambrosia
 g - a potion of mutation {unknown}
 i - 3 potions of curing
 j - a potion of agility {unknown}
 n - a potion of heal wounds {unknown}
 p - a potion of invisibility {unknown}
Comestibles
 d - a beef jerky
 f - 2 bread rations


   Skills:
 + Level 4.2 Fighting
 + Level 4.2 Axes
 + Level 4.3 Armour
 + Level 0.8 Dodging
 + Level 5.0 Shields


You had 5 spell levels left.
You didn't know any spells.

Dungeon Overview and Level Annotations

Branches:
Dungeon (4/15)
 Temple: D:4-7

Altars:
Hepliaklqana
Makhleb
Uskayaw
Yredelemnul
Zin


Innate Abilities, Weirdness & Mutations

You cannot be hasted, slowed, berserked, paralysed or teleported.
You can dig through walls and to a lower floor.
Your four strong arms can wield two-handed weapons with a shield.
You have a pair of large antennae on your head. (SInv)


Message History

You hit the centaur but do no damage.
The centaur is heavily wounded.
The centaur hits you but does no damage.
You block the centaur's attack.
You closely miss the centaur.
The centaur is heavily wounded.
The centaur hits you. x2
* * * LOW HITPOINT WARNING * * *
You closely miss the centaur.
The centaur is heavily wounded.
The centaur barely misses you. x2
You closely miss the centaur.
The centaur is heavily wounded.
The centaur hits you.
* * * LOW HITPOINT WARNING * * *
The centaur hits you but does no damage.
You completely miss the centaur.
The centaur is heavily wounded.
You block the centaur's attack. The centaur hits you!
You die...

############
#.......<..#
#..>.......#
#..........#
#..........#
###..$.......#
.............#
#...).(@c..#
#####(#####..# #.#
. ...######.##.#
#.........#.###
...#####........
.#..#####.#..#####
..................
#....####...######


You could see a centaur.

Vanquished Creatures
  Sigmund (D:2)
  Terence (D:2)
  4 adders
  2 worms (D:2)
  3 leopard geckos
  3 orcs
  A ball python (D:3)
  4 bats
  3 giant cockroaches
  7 hobgoblins
  2 jackals (D:3)
  10 frilled lizards
  5 goblins
  10 kobolds
  7 rats
63 creatures vanquished.

Notes
Turn   | Place    | Note
-------+----------+-------------------------------------------
     0 | D:1      | Faca the Formicid Fighter began the quest for the Orb.
     0 | D:1      | Reached XP level 1. HP: 18/18 MP: 1/1
   176 | D:1      | Reached XP level 2. HP: 17/24 MP: 2/2
   565 | D:1      | Reached skill level 4 in Shields
   688 | D:2      | Noticed Terence
   707 | D:2      | Killed Terence
   707 | D:2      | Reached XP level 3. HP: 12/29 MP: 3/3
   909 | D:2      | Reached XP level 4. HP: 26/36 MP: 4/4
  1043 | D:2      | Found a glowing silver altar of Zin.
  1077 | D:2      | Found a basalt altar of Yredelemnul.
  1333 | D:2      | Noticed Sigmund
  1363 | D:2      | Killed Sigmund
  1363 | D:2      | Reached skill level 5 in Shields
  1363 | D:2      | Reached XP level 5. HP: 13/42 MP: 5/5
  1363 | D:2      | Reached XP level 6. HP: 15/48 MP: 6/6
  1957 | D:3      | Found a hide-covered altar of Uskayaw.
  1958 | D:3      | Found a burning altar of Makhleb.
  2071 | D:3      | Found a hazy altar of Hepliaklqana.
  2521 | D:4      | Slain by a centaur

Vault maps used:
D:1:      dpeg_arrival_more_subterranean_lakeside_camping
D:2:      lemuel_coloured_pillars_altar, overflow_temple_1_default,
          uniq_terence, uniq_sigmund
D:3:      lemuel_doored_altar, grunt_temple_overflow_open,
          hangedman_decor_growths
D:4:      grunt_decor_mini_mirrors, uniq_pikel, uniq_crazy_yiuf_cottage

Skill      XL: |  1  2  3  4 |
---------------+-------------+-----
Shields        | 4 5 |  5.0
Fighting       | 4 |  4.2
Axes           | 4 |  4.2
Armour         | 4 |  4.3
Dodging        | |  0.8

Action                   |  1- 3 |  4- 6 || total
-------------------------+-------+-------++-------
Melee: War axe           |    70 |   162 ||   232
  Use: Scroll            |     2 |     6 ||     8
       Potion            |       |     1 ||     1
  Eat: Fruit             |       |     2 ||     2
       Chunk             |       |     2 ||     2
       Pizza             |       |     1 ||     1
Armor: Scale mail        |    18 |     7 ||    25
       Chain mail        |       |    76 ||    76
Dodge: Dodged            |    18 |    48 ||    66
Block: Shield            |    29 |    91 ||   120
